 Dungeon Crawl Stone Soup version 0.18-a0-824-g47fe746 (webtiles) character file.

219 JokEr the Insei (level 5, -7/36 HPs)
             Began as an Octopode Transmuter on Dec 17, 2015.
             Mangled by an ogre
             ... wielding a +0 giant club
              (12 damage)
             ... on level 4 of the Dungeon.
             The game lasted 00:07:59 (5125 turns).

JokEr the Insei (Octopode Transmuter)               Turns: 5125, Time: 00:07:59

Health: -7/36      AC:  1    Str:  9    XL:     5   Next: 96%
Magic:  7/8        EV: 12    Int: 16    God:
Gold:   139        SH:  0    Dex: 13    Spells: 2 memorised, 3 levels left

rFire  . . .     SeeInvis .       - Unarmed
rCold  . . .     Gourm    .     (no shield)
rNeg   . . .     Faith    .     (helmet restricted)
rPois  .         Spirit   .     (no amulet)
rElec  .         Dismiss  .     (no ring)
rCorr  .         Reflect  .     (no ring)
SustAt .         Harm     .     (no ring)
MR     .....                    (no ring)
Stlth  ++........               (no ring)
                                (no ring)
                                (no ring)
                                (no ring)

@: appendage, not resistant to hostile enchantments, unstealthy
A: almost no armour, amphibious, 8 rings, constrict 8, tentacle spike 3,
camouflage 1, gelatinous body 1
a: End Transformation


You were on level 4 of the Dungeon.
You were very hungry.
One of your tentacles had a temporary spike.
You visited 1 branch of the dungeon, and saw 4 of its levels.

You collected 139 gold pieces.

Inventory:

Missiles
 a - 104 arrows
Scrolls
 d - a scroll of enchant weapon
 e - 2 scrolls of amnesia
 h - 3 scrolls of random uselessness
 j - 4 scrolls of identify
 l - 3 scrolls of remove curse
 q - 2 scrolls of recharging
 s - a scroll of teleportation {unknown}
Potions
 f - 3 potions of curing
 g - a potion of agility
 k - 2 potions of flight {unknown}
 m - 3 potions of cure mutation
 n - a potion of cancellation
 o - a potion of poison {unknown}
Books
 b - a book of Changes

   Spells                             Type                      Level
   a - Beastly Appendage              Transmutation                1
   b - Sticks to Snakes               Transmutation                2
   c - Spider Form                    Transmutation/Poison         3
   d - Ice Form                       Ice/Transmutation            4
   e - Blade Hands                    Transmutation                5
Comestibles
 c - 3 bread rations
 i - 8 fruits
 p - a beef jerky
 r - a slice of pizza


   Skills:
 + Level 3.6 Fighting
 - Level 2.0 Dodging
 + Level 4.2 Unarmed Combat
 - Level 2.0 Spellcasting
 + Level 3.6 Transmutations


You had 3 spell levels left.
You knew the following spells:

 Your Spells              Type           Power        Failure   Level  Hunger
a - Beastly Appendage     Trmt           ##....       6%          1    #......
b - Ice Form              Ice/Trmt       #.......     91%         4    #####..


Dungeon Overview and Level Annotations

Branches:
Dungeon (4/15)
 Temple: D:4-7

Altars:
Fedhas
Gozag
Nemelex Xobeh
Vehumet
Xom

Annotations:
D:4 Edmund


Innate Abilities, Weirdness & Mutations

You cannot wear most types of armour.
You are amphibious.
You can wear up to eight rings at the same time.
You can use your tentacles to constrict eight enemies at once.
Your skin changes colour to match your surroundings (Stealth).
Your rubbery body absorbs attacks (AC +1).
One of your tentacles bears a large vicious spike.


Message History

There is an open door here.
The ogre barely misses you.
You are feeling very hungry.
The ogre misses you.
You tentacle-slap the ogre.
The ogre is moderately wounded.
The ogre hits you with a giant club!!
Ouch! That really hurt!
* * * LOW HITPOINT WARNING * * *
Unknown command.
Casting: Beastly Appendage
Confirm with . or Enter, or press ? or * to list all spells.
One of your tentacles grows a vicious spike.
You tentacle-slap the ogre.
The ogre is moderately wounded.
The ogre closely misses you.
You tentacle-slap the ogre.
You pierce the ogre.
The ogre is heavily wounded.
The ogre hits you with a giant club!
You die...

#.........######>.
#.#.#.........##.#
#.#.#.....### ##
#.#.#.....#
#.#.#####'#
#.#.#####.#
#.#.......#
##.#########
#.@O.......#
#####......#
#......# #......#
#.....(# #......#
#......######
#...........###
#####..............


You could see an ogre.

Vanquished Creatures
  A scorpion (D:3)
  2 worker ants (D:4)
  4 adders
  3 oozes
  A worm (D:3)
  A giant gecko (D:3)
  5 orcs
  4 giant cockroaches
  8 goblins
  9 hobgoblins
  2 jackals (D:2)
  2 kobolds (D:3)
  2 quokkas
  3 ball pythons
  6 bats
  2 giant newts (D:1)
  A jackal skeleton (D:4)
  9 rats
65 creatures vanquished.

Notes
Turn   | Place    | Note
--------------------------------------------------------------
     0 | D:1      | JokEr the Octopode Transmuter began the quest for the Orb.
     0 | D:1      | Reached XP level 1. HP: 13/13 MP: 3/3
   336 | D:1      | Reached XP level 2. HP: 12/18 MP: 5/5
  1053 | D:1      | Reached XP level 3. HP: 21/24 MP: 6/6
  1557 | D:2      | Found an opulent altar of Gozag.
  1684 | D:2      | Found a radiant altar of Vehumet.
  1684 | D:2      | Found a blossoming altar of Fedhas.
  1818 | D:2      | Found a shimmering altar of Xom.
  2448 | D:2      | Reached XP level 4. HP: 27/30 MP: 7/7
  2864 | D:3      | Found a sparkling altar of Nemelex Xobeh.
  3507 | D:3      | Reached XP level 5. HP: 11/36 MP: 6/8
  3809 | D:3      | Reached skill level 4 in Unarmed Combat
  3887 | D:3      | Learned a level 4 spell: Ice Form
  3994 | D:4      | Noticed Edmund
  4658 | D:4      | Noticed an ogre
  5125 | D:4      | Mangled by an ogre

Vault maps used:
D:1:      lightli_arrival_statuegarden
D:2:      nicolae_overflow_crystal_walls, old_standard_altar,
          gammafunk_temple_overflow_elements
D:3:      nemelex_dance_club_becter
D:4:      minmay_temple_entry_poolview, grunt_ministairs_6, uniq_duvessa,
          uniq_edmund

Action                   |  1- 3 |  4- 6 || total
-------------------------+-------+-------++-------
Melee: Unarmed           |    75 |    78 ||   153
 Cast: Beastly Appendage |     1 |     7 ||     8
  Use: Scroll            |     6 |     6 ||    12
       Potion            |       |     1 ||     1
 Stab: Sleeping          |     6 |     4 ||    10
  Eat: Chunk             |     4 |     3 ||     7
       Meat ration       |       |     1 ||     1
